 Dungeon Crawl Stone Soup version 0.29-a0-837-g174bc33265 (webtiles) character file.

Game seed: 5545087358647451788

189 EnegeticOcto the Chiller (level 5, 0/33 HPs)
             Began as an Octopode Ice Elementalist on July 13, 2022.
             Slain by an ice beast (12 damage)
             ... on level 3 of the Dungeon.
             The game lasted 00:05:24 (2978 turns).

EnegeticOcto the Chiller (OpIE)                     Turns: 2978, Time: 00:05:24

Health: 0/33       AC:  1    Str:  7    XL:     5   Next: 68%
Magic:  8/8        EV: 13    Int: 19    God:
Gold:   114        SH:  0    Dex: 13    Spells: 4/8 levels left

rFire   . . .      SeeInvis .   r - +4 quarterstaff (chaos)
rCold   . . .      Faith    .   (shield currently unavailable)
rNeg    . . .      Spirit   .   (helmet restricted)
rPois   .          Reflect  .   (no amulet)
rElec   .          Harm     .   (no ring)
rCorr   .          Rampage  .   (no ring)
Will    .....                   (no ring)
Stlth   +++.......              (no ring)
HPRegen 0.11/turn               (no ring)
MPRegen 0.11/turn               (no ring)
                                (no ring)
                                (no ring)

@: no status effects
A: almost no armour, amphibious, 8 rings, camouflage 1, gelatinous body 1,
(nimble swimmer 1), tentacles
a: no special abilities


You were on level 3 of the Dungeon.
You visited 1 branch of the dungeon, and saw 3 of its levels.

You collected 114 gold pieces.

Inventory:

Hand Weapons
 b - a +1 dagger
   (You took it off a kobold on level 1 of the Dungeon)
 j - a +0 short sword
   (You took it off a kobold on level 1 of the Dungeon)
 k - a +0 trident
   (You took it off an orc on level 2 of the Dungeon)
 r - a +4 quarterstaff of chaos (weapon)
   (You took it off Crazy Yiuf on level 2 of the Dungeon)
 s - a +0 hammer
   (You found it on level 2 of the Dungeon)
Missiles
 c - 13 stones (quivered)
Magical Staves
 g - a staff of death
   (You found it on level 2 of the Dungeon)
 w - a staff of fire
   (You found it on level 3 of the Dungeon)
Jewellery
 t - an amulet of faith
   (You found it on level 3 of the Dungeon)
Wands
 o - a wand of flame (9) {@v4}
   (You found it on level 2 of the Dungeon)
 u - a wand of roots (5)
   (You took it off Ijyb on level 3 of the Dungeon)
Scrolls
 d - a scroll of identify {unknown}
 f - a scroll of poison {unknown}
 l - a scroll of teleportation {unknown}
 m - a scroll of vulnerability {unknown}
 v - 2 scrolls of noise {unknown}
Potions
 a - a potion of magic
 e - a potion of brilliance {unknown}
 h - 2 potions of heal wounds {unknown}
 i - 2 potions of might {unknown}
 n - a potion of invisibility {unknown}
 p - a potion of ambrosia {unknown}
 q - a potion of flight {unknown}


   Skills:
 + Level 1.2 Fighting
 - Level 2.0 Dodging
 - Level 4.0 Stealth
 + Level 2.4 Spellcasting
 - Level 6.0 Ice Magic


You had 4 spell levels left.
You knew the following spells:

 Your Spells              Type           Power      Damage    Failure   Level
a - Freeze                Ice            100%       1d11      1%          1
b - Frozen Ramparts       Ice            50%        1d7       4%          3

Your spell library contained the following spells:

 Spells                   Type           Power      Damage    Failure   Level
 Ozocubu's Armour         Ice            25%        N/A       4%          3
 Hailstorm                Conj/Ice       13%        3d5       43%         4


Dungeon Overview and Level Annotations

Branches:
Dungeon (3/15) Zot: 15019

Altars:
Xom


Innate Abilities, Weirdness & Mutations

You cannot wear most types of armour.
You are amphibious.
You can wear up to eight rings at the same time.
Your skin changes colour to match your surroundings (Stealth+).
Your rubbery body absorbs attacks. (AC +1, EV +1)
((You are camouflaged when in or above water. (Stealth+)))
You have tentacles for arms and can constrict up to eight enemies at once.


Message History

The wall freezes Ijyb.
Ijyb barely misses you.
Casting: Freeze (safe; 1% risk of failure)
Confirm with . or Enter, or press ? or * to list all spells.
Aiming: Freeze (safe; 1% risk of failure)
Press: ? - help, Shift-Dir - straight line, f/p - Ijyb
Aim: Ijyb, wielding a +0 dagger, wearing a +0 leather armour and carrying a wand of roots (5) (heavily wounded)
You freeze Ijyb!
You kill Ijyb!
The frozen ramparts melt away.
Your Fighting skill increases to level 1!
u - a wand of roots (5)
Items here: )))) [[[ ††.
Your magical contamination has completely faded away.
Magic restored.
HP restored.
Items here: )))) [[[ ††.
Things that are here:
a +0 flail; a +0 leather armour; an orc corpse You open the door.
A frilled lizard and a giant cockroach come into view.
The giant cockroach moves out of view.
There is an open door here.
The frilled lizard hisses angrily.
An endoplasm comes into view.
The frilled lizard bites you.
You closely miss the frilled lizard.
The endoplasm quivers.
Your grab misses the frilled lizard. Your squeeze misses the frilled lizard.
The frilled lizard closely misses you. x2
The frilled lizard attacks as you move away!
The frilled lizard bites you.
The frilled lizard attacks as you move away!
The frilled lizard bites you.
The frilled lizard attacks as you move away!
The frilled lizard closely misses you.
There is an open door here.
The endoplasm attacks as you move away! The endoplasm barely misses you.
Casting: Freeze (safe; 1% risk of failure)
Confirm with . or Enter, or press ? or * to list all spells.
Casting: Frozen Ramparts (dangerous; 4% risk of failure)
Press: ? - help, Dir - look around, f - activate The walls around you are covered in ice.
The wall freezes the endoplasm.
The endoplasm freezes you.
You are frozen.
The wall freezes the frilled lizard!
You kill the frilled lizard!
You hit the endoplasm. You burn the endoplasm.
You kill the endoplasm!
The wall freezes the giant cockroach.
You thump the giant cockroach!
You kill the giant cockroach!
The frozen ramparts melt away.
There is an open door here.
You see here a giant cockroach corpse.
An adder comes into view.
Casting: Frozen Ramparts (dangerous; 4% risk of failure)
Confirm with . or Enter, or press ? or * to list all spells.
Casting: Frozen Ramparts (dangerous; 4% risk of failure)
Press: ? - help, Dir - look around, f - activate The walls around you are covered in ice.
The adder hisses angrily.
The wall freezes the adder.
The wall freezes the adder.
The adder seems to slow down.
The wall freezes the adder!
You kill the adder!
The frozen ramparts melt away as you move.
Found a stone staircase leading down.
v - 2 scrolls labelled ZYNTO KUITA
h - 2 white potions (gained 1)
You see here a staff of fire.
w - a staff of fire
There is a stone staircase leading down here.
An ice beast comes into view.
Aiming: Throw Flame
Press: ? - help, Shift-Dir - straight line, f - ice beast
Aim: an ice beast (asleep, 100% to hit)
The puff of flame hits the ice beast!
The ice beast melts!
The ice beast is moderately wounded.
Aiming: Throw Flame
Press: ? - help, Shift-Dir - straight line, f/p - ice beast
Aim: an ice beast (moderately wounded, 68% to hit)
The puff of flame misses the ice beast.
Aiming: Throw Flame
Press: ? - help, Shift-Dir - straight line, f/p - ice beast
Aim: an ice beast (moderately wounded, 68% to hit)
The puff of flame hits the ice beast.
The ice beast melts!
The ice beast is heavily wounded.
Aiming: Throw Flame
Press: ? - help, Shift-Dir - straight line, f/p - ice beast
Aim: an ice beast (heavily wounded, 68% to hit)
The puff of flame hits the ice beast but does no damage.
The ice beast is heavily wounded.
You hear a shout!
You hit the ice beast.
The ice beast flickers and vanishes!
Deactivating autopickup; reactivate with Ctrl-A.
You squeeze something. Something hits you. Something freezes you!
Something hits you. Something freezes you.
You thump something!
You feel better. Something hits you. Something freezes you!
You die...

...##.#
#.#
...##.#
#.#
...##.#
#.#
#####.#
#.# #.#
#.# #.#
#.# #.#
#.# #.#
#.# #.#
#@# #.#
#{#
#####.#
#........
......#
....#####
####..#
..####
#..# #..
#..# #..
#..# #..
# #..#
#..


There were no monsters in sight!

Vanquished Creatures
  Crazy Yiuf (D:2)
  An orc priest (D:3)
  Jessica (D:2)
  Ijyb (D:3)
  An adder (D:3)
  2 worms (D:2)
  3 dart slugs (D:1)
  6 orcs
  7 endoplasms
  5 giant cockroaches
  A goblin (D:2)
  3 hobgoblins (D:2)
  2 jackals (D:1)
  2 quokkas
  6 ball pythons
  2 bats
  5 frilled lizards
  2 kobolds (D:1)
  4 rats
55 creatures vanquished.

Vanquished Creatures (others)
  2 fungi (D:2)
2 creatures vanquished.

Grand Total: 57 creatures vanquished

Notes
Turn   | Place    | Note
-------+----------+-------------------------------------------
     0 | D:1      | EnegeticOcto the Octopode Ice Elementalist began the quest
                  | for the Orb.
     0 | D:1      | Reached XP level 1. HP: 11/11 MP: 3/3
    82 | D:1      | Reached skill level 3 in Stealth
   641 | D:1      | Reached skill level 4 in Stealth
   641 | D:1      | Reached XP level 2. HP: 17/17 MP: 1/5
  1226 | D:1      | Reached XP level 3. HP: 16/21 MP: 3/6
  1230 | D:1      | Learned a level 3 spell: Frozen Ramparts
  1859 | D:2      | Noticed Jessica
  1880 | D:2      | Killed Jessica
  1881 | D:2      | Reached skill level 5 in Ice Magic
  1881 | D:2      | Reached XP level 4. HP: 27/27 MP: 2/7
  2270 | D:2      | Found a shimmering altar of Xom.
  2475 | D:2      | Found a runed translucent door.
  2476 | D:2      | Noticed Crazy Yiuf
  2486 | D:2      | Killed Crazy Yiuf
  2487 | D:2      | Reached XP level 5. HP: 31/31 MP: 3/8
  2679 | D:3      | Reached skill level 6 in Ice Magic
  2679 | D:3      | Noticed Ijyb
  2684 | D:3      | Killed Ijyb
  2685 | D:3      | Reached skill level 1 in Fighting
  2971 | D:3      | Noticed an ice beast
  2978 | D:3      | Slain by an ice beast

Illustrated notes

Levels and vault maps discovered:
D:1:      wander_arrival_fairy_ring, layout_basic, minmay_tiny_reverse_x
D:2:      layout_basic, basic_altar, lightli_corner_chamber,
          uniq_crazy_yiuf_cottage, uniq_jessica
D:3:      layout_basic, dreamdust_ecumenical_altar_statues, minmay_rat_hole,
          uniq_ijyb

Skill      XL: |  1  2  3  4  5 |
---------------+----------------+-----
Stealth        | 4 |  4.0
Ice Magic      | 5 6 |  6.0
Fighting       | 1 |  1.2
Dodging        | |  2.0
Spellcasting   | |  2.4

Action                   |  1- 3 |  4- 6 || total
-------------------------+-------+-------++-------
Melee: Dagger            |    42 |    13 ||    55
       Constrict         |     9 |     4 ||    13
       Tentacles         |     7 |     5 ||    12
       Punch             |     1 |     1 ||     2
       Quarterstaff      |       |     8 ||     8
Throw: Stone             |     5 |     1 ||     6
 Cast: Freeze            |    23 |     7 ||    30
       Frozen Ramparts   |     3 |     5 ||     8
Evoke: Wand              |       |     6 ||     6
  Use: Scroll            |     1 |     2 ||     3
 Stab: Sleeping          |    12 |     3 ||    15
Armor: Skin              |     2 |       ||     2
Dodge: Dodged            |    35 |     6 ||    41

Table legend: (Time is in decaauts)
 A = Elapsed time spent in this place.
 B = Non-inter-level travel time spent in this place.
 C = Inter-level travel time spent in this place.
 D = Time resting spent in this place.
 E = Time spent auto-exploring this place.
 F = Levels seen in this place.
 G = Mean time per level.
                   A        B        C        D        E       F      G
               +--------+--------+--------+--------+--------+-----+--------+
         Total |   2979 |   2864 |    115 |    280 |   2102 |   3 |  993.0 |
       Dungeon |   2979 |   2864 |    115 |    280 |   2102 |   3 |  993.0 |
               +--------+--------+--------+--------+--------+-----+--------+

Top non-repeatable levels by time:
     D:1: 1615 daAuts
     D:2: 1019 daAuts
     D:3: 343 daAuts
